 Dungeon Crawl Stone Soup version 0.28-a0-1594-ga885d4b3d6 (webtiles) character file.

Game seed: 14443832385775630187

21 lonewolfV2 the Skirmisher (level 2, -2/33 HPs)
             Began as an Ogre Fighter on Jan 20, 2022.
             Slain by an adder (4 damage)
             ... on level 2 of the Dungeon.
             The game lasted 00:00:36 (407 turns).

lonewolfV2 the Skirmisher (Ogre Fighter)             Turns: 407, Time: 00:00:37

Health: -2/33      AC:  3    Str: 19    XL:     2   Next: 83%
Magic:  2/2        EV:  8    Int:  9    God:
Gold:   39         SH:  7    Dex:  8    Spells: 1/1 levels left

rFire   . . .      SeeInvis .   a - +0 war axe
rCold   . . .      Faith    .   c - +0 kite shield
rNeg    . . .      Spirit   .   b - +0 robe
rPois   .          Reflect  .   (helmet restricted)
rElec   .          Harm     .   (no cloak)
rCorr   .          Rampage  .   (gloves unavailable)
Will    .....                   (boots unavailable)
Stlth   +.........              (no amulet)
HPRegen 0.11/turn               (no ring)
MPRegen 0.08/turn               (no ring)

@: lethally poisoned (-2 -> -6)
A: large, unfitting armour, tough skin 1
a: no special abilities


You were on level 2 of the Dungeon.
You visited 1 branch of the dungeon, and saw 2 of its levels.

You collected 39 gold pieces.

Inventory:

Hand Weapons
 a - a +0 war axe (weapon)
Armour
 b - a +0 robe (worn)
 c - a +0 kite shield (worn)
Scrolls
 e - a scroll of fog {unknown}
Potions
 d - a potion of might
 f - a potion of lignification {unknown}


   Skills:
 + Level 4.5 Fighting
 + Level 2.4 Axes
 + Level 2.9 Dodging
 + Level 2.8 Shields


You had one spell level left.
You didn't know any spells.
Your spell library was empty.

Dungeon Overview and Level Annotations

Branches:
Dungeon (2/15)

Altars:


Innate Abilities, Weirdness & Mutations

You are too large for most types of armour.
You have tough skin. (AC +1)


Message History

You miss the bat. You barely miss the goblin. You closely miss the jackal.
You feel sick. The bat barely misses you.
The jackal bites you but does no damage.
The adder bites you but does no damage. The goblin closely misses you.
The jackal closely misses you. The adder barely misses you.
The goblin barely misses you. You block the jackal's attack.
You closely miss the adder. You barely miss the jackal. You slash the goblin!
You kill the goblin!
You closely miss the frilled lizard.
You feel sick. The bat hits you but does no damage. The adder bites you.
The jackal barely misses you. You block the frilled lizard's attack.
The adder bites you.
You are more poisoned.
The adder poisons you! The jackal barely misses you.
The frilled lizard bites you. You block the adder's attack.
You hit the adder but do no damage. You slash the frilled lizard!
You kill the frilled lizard!
You hit the bat.
You kill the bat!
You barely miss the jackal.
You feel very sick.
A quokka comes into view.
A rat comes into view.
The jackal bites you but does no damage.
You block the adder's attack. The jackal bites you. The adder bites you.
The rat moves out of view.
You closely miss the adder. You hit the jackal.
You feel very sick. The jackal bites you.
* * * LOW HITPOINT WARNING * * *
The adder bites you.
* * * LOW HITPOINT WARNING * * *
The jackal bites you.
* * * LOW HITPOINT WARNING * * *
A worm comes into view.
You barely miss the adder. You hit the jackal.
You kill the jackal!
You closely miss the quokka.
* * * LOW HITPOINT WARNING * * *
You feel sick. The adder bites you.
You die...

#........# ...
#........# ...
#........+ ..#
#........##..
#...........
#....?....# #
#......S..##.#
......r@.....#
#......†.#####
..........#
###w###...# ..
##..# .. #..#
. .r.# #..#


You could see a worm, an adder, a quokka and a rat.

Vanquished Creatures
  4 goblins
  4 hobgoblins (D:1)
  3 jackals (D:2)
  A ball python (D:2)
  3 bats
  A frilled lizard (D:2)
  3 kobolds (D:1)
19 creatures vanquished.

Notes
Turn   | Place    | Note
-------+----------+-------------------------------------------
     0 | D:1      | lonewolfV2 the Ogre Fighter began the quest for the Orb.
     0 | D:1      | Reached XP level 1. HP: 24/24 MP: 1/1
   178 | D:1      | Reached XP level 2. HP: 29/32 MP: 2/2
   407 | D:2      | Slain by an adder

Illustrated notes

Levels and vault maps discovered:
D:1:      dpeg_arrival_central, layout_basic
D:2:      layout_basic, serial_shops, shop, minmay_box_of_dots

Action                   || total
-------------------------++-------
Melee: War axe           ||    28
Armor: Robe              ||    18
Dodge: Dodged            ||    20
Block: Kite shield       ||    17

Table legend: (Time is in decaauts)
 A = Elapsed time spent in this place.
 B = Non-inter-level travel time spent in this place.
 C = Inter-level travel time spent in this place.
 D = Time resting spent in this place.
 E = Time spent auto-exploring this place.
 F = Levels seen in this place.
 G = Mean time per level.
                   A        B        C        D        E       F      G
               +--------+--------+--------+--------+--------+-----+--------+
         Total |    421 |    421 |      0 |      0 |    305 |   2 |  210.5 |
       Dungeon |    421 |    421 |      0 |      0 |    305 |   2 |  210.5 |
               +--------+--------+--------+--------+--------+-----+--------+

Top non-repeatable levels by time:
     D:1: 406 daAuts
     D:2: 14 daAuts
